 Dungeon Crawl Stone Soup version 0.28-a0-1038-g9c4cb8273d (webtiles) character file.

Game seed: 11364051010235665914

5166 ytrimaz the Gouger (level 10, 0/47 HPs)
             Began as a Felid Transmuter on Dec 8, 2021.
             Was an Elder of Nemelex Xobeh.
             Killed from afar by a manticore (18 damage)
             ... with a volley of spikes
             ... on level 13 of the Dungeon.
             The game lasted 00:29:42 (11421 turns).

ytrimaz the Gouger (Felid Transmuter)              Turns: 11421, Time: 00:29:42

Health: 0/47       AC:  6    Str:  6    XL:     10   Next: 34%
Magic:  21/22      EV: 27    Int: 18    God:    Nemelex Xobeh [****..]
Gold:   621        SH:  0    Dex: 21    Spells: 9/24 levels left
                                        Lives:  0   Deaths: 3

rFire   . . .      SeeInvis +     - Unarmed
rCold   . . .      Faith    .   (shield unavailable)
rNeg    . . .      Spirit   .   (armour unavailable)
rPois   x          Reflect  .   (helmet unavailable)
rElec   .          Harm     .   (cloak unavailable)
rCorr   +          Rampage  .   (gloves unavailable)
Will    +....                   (boots unavailable)
Stlth   ++++......              b - amulet of regeneration
HPRegen 0.95/turn               k - +4 ring of protection
MPRegen 0.18/turn               l - ring of resist corrosion

@: spider-form, spiked
A: venomous fangs, tiny, (claws 1), (fangs 3), see invisible, (speed 1), (shaggy
fur 2), (stealthy paws), no weapons or thrown items, no armour, multi-lived,
(large bone plates 1), dopey 1, (electricity resistance)
a: End Transformation, Renounce Religion, Draw Escape, Draw Destruction, Draw
Summoning, Triple Draw, Deal Four


You were on level 13 of the Dungeon.
You worshipped Nemelex Xobeh.
Nemelex Xobeh was greatly pleased with you.
You were a venomous arachnid creature.
You visited 2 branches of the dungeon, and saw 14 of its levels.
You also visited: Bailey.

You collected 621 gold pieces.

Inventory:

Jewellery
 b - an amulet of regeneration (around neck)
 g - a ring of positive energy
 h - a ring of positive energy
 k - a +4 ring of protection (left front leg)
 l - a ring of resist corrosion (right front leg)
 p - an amulet of magic regeneration
Wands
 a - a wand of mindburst (31)
 d - a wand of flame (33)
 j - a wand of charming (2)
 o - a wand of iceblast (5)
 r - a wand of paralysis (3)
 s - a wand of digging (5)
Scrolls
 c - 3 scrolls of amnesia
 i - 2 scrolls of identify
 n - a scroll of fog
Potions
 e - 5 potions of lignification
 f - 3 potions of flight
 m - 2 potions of curing
 q - a potion of mutation
 v - 4 potions of haste


   Skills:
 * Level 7.5 Fighting
 * Level 8.3 Dodging
 - Level 6.1 Stealth
 - Level 11.0 Unarmed Combat
 * Level 7.9 Spellcasting
 * Level 9.6 Transmutations
 - Level 1.2 Ice Magic
 * Level 5.8 Invocations


You had 9 spell levels left.
You knew the following spells:

 Your Spells              Type           Power      Damage    Failure   Level
a - Beastly Appendage     Tmut           82%        N/A       2%          1
b - Spider Form           Tmut/Pois      24%        N/A       13%         3
c - Ice Form              Ice/Tmut       26%        N/A       26%         4
d - Dragon Form           Tmut           20%        N/A       95%         7

Your spell library contained the following spells:

 Spells                   Type           Power      Damage    Failure   Level
 Wereblood                Tmut           41%        N/A       2%          2
 Sting                    Tmut/Pois      96%        1d7       6%          1
 Ignite Poison            Fire/Tmut/Pois 18%        N/A       21%         3
 Magic Dart               Conj           28%        1d4       24%         1
 Slow                     Hex            28%        N/A       24%         1
 Call Imp                 Summ           7%         N/A       34%         2
 Poisonous Vapours        Pois/Air       14%        N/A       34%         2
 Static Discharge         Conj/Air       7%         N/A       34%         2
 Confusing Touch          Hex            7%         N/A       52%         3
 Conjure Flame            Conj/Fire      7%         6-21      52%         3
 Gell's Gravitas          Tloc           7%         N/A       52%         3
 Lesser Beckoning         Tloc           7%         N/A       52%         3
 Mephitic Cloud           Conj/Pois/Air  7%         N/A       52%         3
 Stone Arrow              Conj/Erth      14%        3d7       52%         3
 Teleport Other           Tloc           7%         N/A       52%         3
 Yara's Violent Unravell  Hex/Tmut       12%        3d7       58%         5
 Cause Fear               Hex            3%         N/A       86%         4
 Olgreb's Toxic Radiance  Pois           7%         N/A       86%         4
 Sticky Flame             Conj/Fire      7%         2d3       86%         4
 Lightning Bolt           Conj/Air       3%         1d15      99%         5
 Lehudib's Crystal Spear  Conj/Erth      3%         10d3      100%        8
 Maxwell's Capacitive Co  Air            3%         ∞         100%        8
 Dragon's Call            Summ           3%         N/A       100%        9
 Animate Armour           Summ/Erth      Unusable   N/A       N/A         4

Dungeon Overview and Level Annotations

Branches:
Dungeon (13/15)            Temple (1/1) D:7            Lair (0/6) D:9
    Orc (0/2) D:12         Bailey (visited)
 Vaults: D:13-14

Altars:
Ashenzari
Cheibriados
Dithmenos
Elyvilon
Fedhas
Gozag
Hepliaklqana
Kikubaaqudgha
Makhleb
Nemelex Xobeh
Okawaru
Qazlal
Ru
Sif Muna
Trog
Uskayaw
Vehumet
Wu Jian
Xom
Yredelemnul
Zin
The Shining One
Beogh
Lugonu

Shops:
D:3 (?   D:4 *   D:6 =(   D:10 *[?

Portals:
Abyss: D:7


Innate Abilities, Weirdness & Mutations

You are a venomous arachnid creature.
You have poisonous fangs.
You are tiny and dextrous.
Your spellcasting is less reliable in this form.
((You have sharp claws.))
((You have razor-sharp teeth.))
You have supernaturally acute eyesight. (SInv)
((You cover ground quickly. (Speed+)))
((You are covered in thick fur. (AC +2)))
((Your paws help you pounce on unaware monsters.))
You are incapable of wielding weapons or throwing items.
You cannot wear armour.
You gain extra lives every three experience levels.
((You are partially covered in large bone plates. (SH +4)))
You are dopey. (Int -2)
((You are resistant to electric shocks. (rElec)))


Message History

You barely miss the orc. You hit the orc but do no damage.
The orc completely misses you.
You completely miss the orc. The orc hits you but does no damage.
The orc completely misses you.
You barely miss the orc. The orc hits you but does no damage.
The orc closely misses you.
You hit the orc.
The orc is poisoned.
The orc is heavily wounded.
The orc closely misses you. The orc wizard casts a spell at you.
The magic dart hits you! The orc closely misses you.
Unknown command.
You bite the manticore!
The manticore is poisoned.
The manticore is heavily wounded.
The manticore completely misses you. The manticore claws you.
The manticore claws you! The orc completely misses you.
The orc wizard hits you but does no damage.
The orc wizard burns you.
Unknown command.
Okay, then.
Okay, then.
You draw a card...
You have drawn Velocity.
The vampire seems to slow down.
The orc seems to slow down.
The orc wizard seems to slow down.
The manticore bites you! The manticore misses you.
The manticore completely misses you. The orc completely misses you. x2
Unknown command.
Unknown command.
Unknown command.
You bite the orc wizard!
The orc wizard looks as sick as possible!
The orc wizard is severely wounded.
You kill the orc wizard!
You kill the orc!
The manticore completely misses you. x2
The manticore claws you but does no damage.
The orc hits you with a +0 hand axe.
The manticore flicks its tail.
The volley of spikes hits you!!
The barbed spikes become lodged in your body.
You die...
Your body disappears without a glow.

##............
.............
............
........... (.........
......... ..).......#
.. ..........# ..##
.........s####### ..#
.......#).HV.[.# ###.##
#....#.###o....# #....#
#..#...###.....# #....#
...#..........# #....#
#..#.###.....#####....<
##.#.# #......).......#
#...# #.....###....###
##..# ##....###....#


You could see a manticore (very poisoned), a vampire (slow) and an orc (slow).

Vanquished Creatures
  2 boulder beetles
  2 two-headed ogres (D:12)
  A fire crab (Bailey)
  A deep elf pyromancer (D:12)
  A manticore (D:11)
  An ugly thing (D:11)
  3 cyclopes
  3 gargoyles
  4 kobold demonologists
  2 unseen horrors
  A shadow (D:10)
  5 wraiths
  9 yaks
  A vampire (D:10)
  3 wyverns
  2 basilisks
  2 vampire mosquitoes (D:11)
  3 water moccasins
  An ice beast (D:8)
  8 orc warriors
  A sky beast (D:7)
  An ogre (D:7)
  A boggart (Bailey)
  3 centaurs
  3 kobold brigands
  4 bullfrogs
  A scorpion (D:5)
  4 gnoll sergeants
  6 killer bees (D:8)
  3 wights (D:8)
  10 howler monkeys
  2 centaur zombies
  A jelly (D:7)
  3 bullfrog skeletons
  5 hounds
  4 gnoll shamans (D:6)
  11 orc priests
  An iron imp (D:8)
  Jessica (D:2)
  2 iguanas
  Ijyb (D:3)
  10 orc wizards
  A killer bee zombie (D:6)
  A hound skeleton (D:4)
  2 howler monkey zombies
  36 gnolls
  10 adders
  A white imp (D:6)
  An ufetubus (D:4)
  An adder skeleton (D:4)
  2 worms
  53 orcs
  6 endoplasms
  6 giant cockroaches
  17 goblins
  6 hobgoblins
  7 jackals
  16 kobolds
  2 quokkas
  8 ball pythons
  7 bats
  13 frilled lizards
  7 rats
336 creatures vanquished.

Vanquished Creatures (collateral kills)
  A hydra (D:12)
  A centaur (D:12)
  An orc wizard (D:12)
  A howler monkey zombie (D:10)
  2 orcs
6 creatures vanquished.

Vanquished Creatures (others)
  A kobold (D:9)
  6 plants (D:5)
7 creatures vanquished.

Grand Total: 349 creatures vanquished

Notes
Turn   | Place    | Note
-------+----------+-------------------------------------------
     0 | D:1      | ytrimaz the Felid Transmuter began the quest for the Orb.
     0 | D:1      | Reached XP level 1. HP: 9/9 MP: 4/4
   231 | D:1      | Reached skill level 1 in Stealth
   231 | D:1      | Reached XP level 2. HP: 10/12 MP: 6/6
   644 | D:1      | Reached XP level 3. HP: 8/15 MP: 7/7
   892 | D:1      | Learned a level 3 spell: Spider Form
  1242 | D:2      | Found a faded altar of an unknown god.
  1367 | D:2      | Reached XP level 4. HP: 19/19 MP: 8/8
  1462 | D:2      | Noticed Jessica
  1470 | D:2      | Killed Jessica
  1471 | D:2      | Reached skill level 4 in Unarmed Combat
  1886 | D:3      | Noticed Ijyb
  1901 | D:3      | Blown up by Ijyb
  1902 | D:3      | Reached XP level 3. HP: -6/16 MP: 3/7
  2002 | D:3      | Found Ceddick's Magic Scroll Shoppe.
  2118 | D:3      | Reached XP level 4. HP: 19/19 MP: 8/8
  2159 | D:3      | Killed Ijyb
  2353 | D:3      | Found Zaust's Antique Weapon Shoppe.
  2578 | D:4      | Reached XP level 5. HP: 22/22 MP: 9/9
  2691 | D:4      | Found a sparkling altar of Nemelex Xobeh.
  2712 | D:4      | Noticed a water moccasin
  2720 | D:4      | Killed a water moccasin
  2728 | D:4      | Gained mutation: You are covered in thick fur. (AC +2)
                  | [Felid growth]
  2728 | D:4      | Reached XP level 6. HP: 17/27 MP: 6/10
  2927 | D:4      | Found Qaufohe's Neck Hole.
  3002 | D:4      | Reached skill level 5 in Unarmed Combat
  3204 | D:4      | Became a worshipper of Nemelex Xobeh the Trickster
  3233 | D:5      | Entered Level 5 of the Dungeon
  3258 | D:5      | Reached skill level 5 in Stealth
  3320 | D:5      | Reached XP level 7. HP: 31/31 MP: 11/11
  3915 | D:6      | Reached skill level 6 in Unarmed Combat
  4104 | D:6      | Reached XP level 8. HP: 33/36 MP: 9/12
  4105 | D:6      | Found Jezirhom's Antique Weapon Shoppe.
  4363 | D:6      | Reached * piety under Nemelex Xobeh
  4392 | D:6      | Identified the +1 scale mail of Fashionability {Fly Str+4}
  4442 | D:6      | Reached skill level 7 in Unarmed Combat
  4668 | D:6      | Found Ruani's Jewellery Shoppe.
  4720 | D:6      | Reached skill level 5 in Transmutations
  4810 | D:6      | Reached skill level 8 in Unarmed Combat
  5083 | D:7      | Received a gift from Nemelex Xobeh
  5130 | D:7      | Reached XP level 9. HP: 34/39 MP: 12/15
  5140 | D:7      | Learned a level 4 spell: Ice Form
  5405 | D:7      | Found a staircase to the Ecumenical Temple.
  5420 | Temple   | Entered the Ecumenical Temple
  5615 | D:7      | Identified the +2 robe "Bucheitur" {rPois Str+3}
  5736 | D:7      | Reached skill level 1 in Invocations
  5890 | D:7      | Reached ** piety under Nemelex Xobeh
  5897 | D:7      | Reached skill level 5 in Fighting
  5944 | D:7      | Found a corrupted altar of Lugonu.
  5968 | D:7      | Found a one-way gate to the infinite horrors of the Abyss.
  6084 | D:8      | Gained mutation: Your magical capacity is low. (-10% MP)
                  | [mutagenic glow]
  6309 | D:8      | Found a sacrificial altar of Ru.
  6517 | D:8      | Reached skill level 9 in Unarmed Combat
  6690 | D:8      | Found a basalt altar of Yredelemnul.
  6692 | D:8      | Found a bloodstained altar of Trog.
  6791 | D:8      | Found a snail-covered altar of Cheibriados.
  7255 | D:8      | Found a radiant altar of Vehumet.
  7255 | D:8      | Noticed an unseen horror
  7266 | D:8      | Killed an unseen horror
  7451 | D:9      | Found a staircase to the Lair.
  7492 | D:8      | Reached XP level 10. HP: 33/45 MP: 12/16
  7521 | D:9      | Reached skill level 5 in Spellcasting
  7667 | D:9      | Found a flagged portal.
  7669 | D:9      | Received a gift from Nemelex Xobeh
  7685 | Bailey   | Entered a bailey
  7807 | Bailey   | Noticed an orc knight
  7808 | Bailey   | Noticed a fire crab
  7808 | Bailey   | an orc knight changed into a fire crab
  7816 | Bailey   | Killed a fire crab
  7817 | Bailey   | Reached skill level 10 in Unarmed Combat
  7882 | Bailey   | Noticed an orc knight
  7885 | Bailey   | Noticed an orc knight
  7913 | Bailey   | Noticed an orc knight
  7937 | D:9      | Lost mutation: Your magical capacity is low. (-10% MP)
                  | [potion of mutation]
  7937 | D:9      | Gained mutation: You are weak. (Str -2) [potion of
                  | mutation]
  7937 | D:9      | Gained mutation: You sometimes lose the ability to read
                  | scrolls when taking damage. [potion of mutation]
  7938 | D:9      | Lost mutation: You are weak. (Str -2) [potion of mutation]
  7938 | D:9      | Lost mutation: You sometimes lose the ability to read
                  | scrolls when taking damage. [potion of mutation]
  7938 | D:9      | Gained mutation: You occasionally shout uncontrollably at
                  | your foes. [potion of mutation]
  7938 | D:9      | Gained mutation: Your flesh is cold resistant. (rC+)
                  | [potion of mutation]
  7939 | D:9      | Lost mutation: You occasionally shout uncontrollably at
                  | your foes. [potion of mutation]
  7939 | D:9      | Lost mutation: Your flesh is cold resistant. (rC+) [potion
                  | of mutation]
  7939 | D:9      | Gained mutation: You are resistant to electric shocks.
                  | (rElec) [potion of mutation]
  7939 | D:9      | Gained mutation: You are partially covered in large bone
                  | plates. (SH +4) [potion of mutation]
  7939 | D:9      | Gained mutation: You are dopey. (Int -2) [potion of
                  | mutation]
  8047 | D:9      | Reached skill level 1 in Ice Magic
  8383 | D:9      | Found a broken altar of Ashenzari.
  8399 | D:9      | Reached *** piety under Nemelex Xobeh
  8612 | D:9      | Noticed a smoke demon
  9110 | D:10     | Entered Level 10 of the Dungeon
  9247 | D:10     | Found Bat Uxke's Magic Scroll Emporium.
  9255 | D:10     | Reached skill level 11 in Unarmed Combat
  9307 | D:10     | Received a gift from Nemelex Xobeh
  9335 | D:10     | Noticed a gargoyle
  9347 | D:10     | Killed a gargoyle
  9348 | D:10     | Reached XP level 11. HP: 49/49 MP: 17/21
  9407 | D:10     | Found a glowing silver altar of Zin.
  9498 | D:10     | Found Tit Bakh's General Store.
  9593 | D:10     | Found Keiry's Antique Armour Shoppe.
  9634 | D:10     | Reached skill level 5 in Dodging
  9842 | D:11     | Noticed a green ugly thing
  9852 | D:11     | Killed a green ugly thing
 10106 | D:11     | Noticed a boulder beetle
 10164 | D:10     | Learned a level 7 spell: Dragon Form
 10330 | D:11     | Received a gift from Nemelex Xobeh
 10361 | D:11     | Reached skill level 5 in Invocations
 10511 | D:11     | Killed a boulder beetle
 10734 | D:12     | Noticed a deep elf pyromancer
 10783 | D:12     | Noticed a boulder beetle
 10798 | D:12     | Mangled by a boulder beetle
 10799 | D:12     | Reached XP level 10. HP: -6/56 MP: 20/21
 10811 | D:12     | Killed a boulder beetle
 10830 | D:12     | Killed a deep elf pyromancer
 10897 | D:12     | Noticed a gargoyle
 10905 | D:12     | Killed a gargoyle
 10906 | D:12     | Reached XP level 11. HP: 40/50 MP: 16/23
 10908 | D:12     | Found a staircase to the Orcish Mines.
 10938 | D:12     | Noticed a two-headed ogre
 10992 | D:12     | Killed a two-headed ogre
 11067 | D:12     | Noticed a two-headed ogre
 11086 | D:12     | Killed a two-headed ogre
 11174 | D:12     | Reached **** piety under Nemelex Xobeh
 11175 | D:12     | Noticed a six-headed hydra
 11197 | D:12     | Killed a six-headed hydra
 11351 | D:13     | Noticed a deep elf pyromancer
 11402 | D:13     | Slain by a manticore
 11403 | D:13     | Reached XP level 10. HP: 0/56 MP: 20/22
 11421 | D:13     | Killed from afar by a manticore

Illustrated notes

Levels and vault maps discovered:
D:1:      dpeg_arrival_arbitrary_a, layout_loops_corners
D:2:      layout_loops_ring, shapermc_ecumenical_altar_mp_highgroup,
          minmay_misc_feat_secret_circle, chequers_garden, minmay_crystal_room,
          ebering_dispersal_statue_hall, uniq_jessica
D:3:      layout_basic, serial_shops, shop, shop, uniq_ijyb
D:4:      layout_basic, nemelex_altar_shiori, nicolae_shop_sticking_my_neck_out
D:5:      wander_river, layout_cave_pools, minmay_lizard_king
D:6:      layout_cave_pools, serial_gnoll_camp, gnoll_camp_mini_shop,
          gnoll_camp_mini_basic, gnoll_camp_huts_basic, gnoll_camp_mini_shop,
          gnoll_camp_medium_02, kennysheep_generic_room_10
D:7:      layout_loops_cross, minmay_temple_entry_grid,
          amcnicky_altar_lugonu_corruption
D:8:      layout_basic, chei_slow_surprise, mainiacjoe_overflow_brackets,
          grunt_temple_overflow_open, mainiacjoe_overflow_alcove_4
D:9:      layout_layer_cave, mainiacjoe_overflow_small_starburst,
          david_lair_generic, enter_bailey_5
D:10:     layout_basic, mainiacjoe_overflow_paths, serial_shops, shop_fountains,
          shop, nicolae_shop_hallway_stairs
D:11:     layout_rooms, serial_glass, glass_columns_a, glass_columns_b
D:12:     lemuel_ice_spiral_2, layout_rooms, minmay_orc_entry_temple_small
D:13:     evilmike_library_of_no_secrets, layout_rooms
Temple:   eino_temple_water

Skill      XL: |  1  2  3  4  5  6  7  8  9 10 11 |
---------------+----------------------------------+-----
Stealth        | 1 2 3 4 5 6 |  6.1
Dodging        | 3 4 7 8 |  8.3
Fighting       | 2 3 4 5 6 7 |  7.5
Unarmed Combat | 4 5 6 8 9 11 | 11.0
Transmutations | 3 4 5 6 9 8 |  9.6
Spellcasting   | 3 4 6 7 |  7.9
Invocations    | 2 4 5 |  5.8
Ice Magic      | 1 |  1.2

Action                   |  1- 3 |  4- 6 |  7- 9 | 10-12 || total
-------------------------+-------+-------+-------+-------++-------
Melee: Unarmed           |   129 |   159 |   495 |   423 ||  1206
       Bite              |     7 |     3 |    13 |     3 ||    26
       Punch             |     2 |       |     4 |     4 ||    10
 Cast: Beastly Appendage |     2 |     1 |     4 |       ||     7
       Spider Form       |     1 |     8 |    36 |    21 ||    66
       Ice Form          |       |       |     3 |    18 ||    21
Invok: Draw Destruction  |       |       |     1 |    20 ||    21
       Draw Summoning    |       |       |       |     4 ||     4
       Draw Escape       |       |       |       |     1 ||     1
  Use: Potion            |     1 |     3 |     2 |    14 ||    20
       Scroll            |       |     7 |     6 |     5 ||    18
 Stab: Sleeping          |     9 |     5 |     8 |     3 ||    25
       Distracted        |       |     1 |       |     1 ||     2
       Invisible         |       |       |       |     9 ||     9
Armor: Skin              |     6 |    21 |    66 |    96 ||   189
Dodge: Dodged            |    80 |   113 |   496 |   360 ||  1049
Block: Other             |       |       |       |     8 ||     8

Table legend: (Time is in decaauts)
 A = Elapsed time spent in this place.
 B = Non-inter-level travel time spent in this place.
 C = Inter-level travel time spent in this place.
 D = Time resting spent in this place.
 E = Time spent auto-exploring this place.
 F = Levels seen in this place.
 G = Mean time per level.
                   A        B        C        D        E       F      G
               +--------+--------+--------+--------+--------+-----+--------+
         Total |   9770 |   9457 |    313 |    364 |   5971 |  15 |  651.3 |
       Dungeon |   9412 |   9108 |    304 |    347 |   5832 |  13 |  724.0 |
        Temple |    152 |    144 |      8 |      0 |    132 |   1 |  152.0 |
        Bailey |    206 |    206 |      0 |     17 |      5 |   1 |  206.0 |
               +--------+--------+--------+--------+--------+-----+--------+

Top non-repeatable levels by time:
     D:8: 1285 daAuts
     D:9: 1174 daAuts
     D:6: 1013 daAuts
     D:1: 836 daAuts
     D:2: 698 daAuts
     D:4: 692 daAuts
     D:7: 687 daAuts
    D:12: 678 daAuts
    D:10: 658 daAuts
    D:11: 573 daAuts
     D:5: 564 daAuts
     D:3: 473 daAuts
  Bailey: 206 daAuts
  Temple: 152 daAuts
    D:13: 74 daAuts
